 Dungeon Crawl Stone Soup version 0.30-a0-1066-g63dfefce0d (webtiles) character file.

Game seed: 6210744216440976202

480 greynaab the Shooter (level 7, -1/56 HPs)
             Began as a Hill Orc Hunter on Apr 12, 2023.
             Slain by Duvessa
             ... wielding a +0 short sword
              (4 damage)
             ... on level 4 of the Dungeon.
             The game lasted 00:06:26 (3363 turns).

greynaab the Shooter (Hill Orc Hunter)              Turns: 3363, Time: 00:06:27

Health: -1/56      AC:  6    Str: 14    XL:     7   Next: 11%
Magic:  7/7        EV: 11    Int: 11    God:
Gold:   73         SH:  0    Dex: 20    Spells: 6/6 levels left

rFire   . . .      SeeInvis .    a - +3 longbow of the Grave {drain, rC+ Will++ rCorr}
rCold   + . .      Faith    .    (shield currently unavailable)
rNeg    . . .      Spirit   .    g - +0 ring mail
rPois   .          Reflect  .    (no helmet)
rElec   .          Rampage  .    J - +0 cloak
rCorr   +                        (no gloves)
Will    ++...                    (no boots)
Stlth   +                        y - amulet of regeneration
HPRegen 1.09/turn                j - +6 ring of dexterity
MPRegen 0.10/turn                (no ring)

@: no status effects
A: no striking features
a: no special abilities


You were on level 4 of the Dungeon.
You visited 1 branch of the dungeon, and saw 4 of its levels.

You collected 162 gold pieces.
You spent 89 gold pieces at shops.

Inventory:

Hand Weapons
 a - the +3 longbow of the Grave (weapon) {drain, rC+ Will++ rCorr}
   (You acquired it on level 2 of the Dungeon)

   rC:        It protects you from cold.
   rCorr:     It protects you from acid and corrosion.
   Will:      It greatly increases your willpower.
 b - a +1 short sword of speed
 r - a +0 sling
 C - a +2 dire flail of protection
Missiles
 v - 6 curare-tipped darts
Armour
 c - a +0 leather armour
 g - a +0 ring mail (worn)
 J - a +0 cloak (worn)
Jewellery
 j - a +6 ring of dexterity (left hand)
 y - an amulet of regeneration (around neck)
 F - a +4 ring of slaying
 H - a ring of resist corrosion
Wands
 q - a wand of flame (12)
 w - a wand of polymorph (11)
 x - a wand of roots (9)
Scrolls
 d - a scroll of brand weapon
 f - a scroll of blinking {unknown}
 h - 2 scrolls of enchant weapon {unknown}
 i - 3 scrolls of fog {unknown}
 l - 2 scrolls of immolation
 m - 2 scrolls of teleportation
 n - a scroll of amnesia
 p - 2 scrolls of magic mapping {unknown}
 s - 3 scrolls of fear
 t - a scroll of vulnerability
 u - a scroll of poison
 I - a scroll of enchant armour {unknown}
Potions
 e - 3 potions of heal wounds {unknown}
 k - 2 potions of mutation {unknown}
 o - a potion of attraction {unknown}
 z - 2 potions of lignification {unknown}
 A - a potion of resistance {unknown}
 B - a potion of degeneration {unknown}
 D - a potion of curing {unknown}
 E - a potion of berserk rage {unknown}
 G - a potion of invisibility {unknown}


   Skills:
 - Level 2.4 Fighting
 + Level 7.6 Ranged Weapons
 - Level 1.5 Dodging
 - Level 0.7 Stealth


You had 6 spell levels left.
You didn't know any spells.
Your spell library contained the following spells:

 Spells                   Type           Power      Damage    Failure   Level
 Magic Dart               Conj           0%         1d3       58%         1
 Call Imp                 Summ           0%         N/A       73%         2
 Mephitic Cloud           Conj/Pois/Air  0%         N/A       91%         3
 Portal Projectile        Hex/Tloc       0%         N/A       91%         3
 Tukima's Dance           Hex            0%         N/A       91%         3
 Blade Hands              Tmut           0%         N/A       100%        5


Dungeon Overview and Level Annotations

Branches:
Dungeon (4/15) Zot: 20559
 Temple: D:4-7

Altars:

Shops:
D:1 *:   D:3 [*   D:4 =

Annotations:
D:4 Duvessa


Message History

Dowan is heavily wounded.
You hear a shout!
You shoot an arrow. The arrow hits Dowan!
You kill Dowan!
You hear a distant scream of rage.
Duvessa, Sister of Dowan comes into view.
She is wielding a +0 short sword.
You shoot an arrow. The arrow hits Duvessa!
Duvessa is moderately wounded.
Duvessa goes berserk!
Duvessa hits you with a +0 short sword.
You shoot an arrow.
The arrow hits Duvessa but does no damage.
You drain Duvessa.
Duvessa is moderately wounded.
Duvessa hits you with a +0 short sword! Duvessa closely misses you.
You are too injured to fight recklessly!
You are too injured to fight recklessly!
You are too injured to fight recklessly!
You are too injured to fight recklessly!
Fire: a) +3 longbow of the Grave {drain, rC+ Will++ rCorr}
Press: ? - help, Q - select action, (/) - cycle Shift-Dir - straight line, f/p - Duvessa
Aim: Duvessa, wielding a +0 short sword and wearing a +0 leather armour (moderately wounded, berserk, lightly drained, 70% to hit)
You shoot an arrow. The arrow closely misses Duvessa.
Duvessa hits you with a +0 short sword! x2
Fire: a) +3 longbow of the Grave {drain, rC+ Will++ rCorr}
Press: ? - help, Q - select action, (/) - cycle Shift-Dir - straight line, f/p - Duvessa
Aim: Duvessa, wielding a +0 short sword and wearing a +0 leather armour (moderately wounded, berserk, lightly drained, 70% to hit)
You shoot an arrow. The arrow barely misses Duvessa.
Duvessa hits you with a +0 short sword!
* * * LOW HITPOINT WARNING * * *
Duvessa misses you.
Fire: a) +3 longbow of the Grave {drain, rC+ Will++ rCorr}
Press: ? - help, Q - select action, (/) - cycle Shift-Dir - straight line, f/p - Duvessa
Aim: Duvessa, wielding a +0 short sword and wearing a +0 leather armour (moderately wounded, berserk, lightly drained, 70% to hit)
You shoot an arrow.
The arrow hits Duvessa but does no damage.
Duvessa is moderately wounded.
Duvessa hits you with a +0 short sword!
* * * LOW HITPOINT WARNING * * *
Duvessa hits you with a +0 short sword.
You die...

# # # ### ### # #..
..# #.# ## #.#
#.#####.##.#####.#
#.##.e........##.####
#.##@# .## #......#.
#.##.##.##.##........
#.......##.......#.#.
###.......###.####.##
#..####.# #.# #.##
#..####.###.# #...
#....##.....# ####
####<##.##.....# #
#......<.......# #


You could see Duvessa (berserk, drained).

Vanquished Creatures
  Edmund (D:4)
  A phantom (D:4)
  Dowan (D:4)
  2 hounds (D:4)
  2 jellies (D:4)
  A gnoll (D:4)
  4 adders
  A worm (D:2)
  2 dart slugs
  An orc (D:4)
  12 ball pythons
  6 endoplasms
  2 giant cockroaches
  5 goblins
  2 hobgoblins (D:3)
  7 jackals
  2 quokkas
  4 bats
  A frilled lizard (D:1)
  11 kobolds
  9 rats
77 creatures vanquished.

Notes
Turn   | Place    | Note
-------+----------+-------------------------------------------
     0 | D:1      | greynaab the Hill Orc Hunter began the quest for the Orb.
     0 | D:1      | Reached XP level 1. HP: 18/18 MP: 1/1
   108 | D:1      | Found Sifex's Assorted Antiques.
   221 | D:1      | Reached skill level 4 in Ranged Weapons
   221 | D:1      | Reached XP level 2. HP: 25/25 MP: 2/2
   326 | D:1      | Found Asiomecs's Book Emporium.
   809 | D:1      | Reached XP level 3. HP: 30/30 MP: 3/3
  1909 | D:2      | Identified a scroll of acquirement
  1910 | D:2      | Acquired the +3 longbow of the Grave {drain, rC+ Will++
                  | rCorr}
  1989 | D:3      | Found Ukkaytse's Assorted Antiques.
  2000 | D:3      | Bought a scroll labelled RIET CEJUM YJI for 23 gold pieces
  2000 | D:3      | Bought a fuming red potion for 20 gold pieces
  2000 | D:3      | Bought a scroll labelled XYEMAI XUNTEPP for 23 gold pieces
  2000 | D:3      | Bought a scroll labelled NOMIKHUUXE for 23 gold pieces
  2008 | D:3      | Reached skill level 5 in Ranged Weapons
  2008 | D:3      | Reached XP level 4. HP: 37/37 MP: 4/4
  2498 | D:3      | Found Humiu's Antique Armour Boutique.
  2621 | D:4      | Noticed Edmund
  2628 | D:4      | Killed Edmund
  2629 | D:4      | Reached skill level 6 in Ranged Weapons
  2629 | D:4      | Reached XP level 5. HP: 9/42 MP: 5/5
  2741 | D:4      | Reached XP level 6. HP: 50/50 MP: 6/6
  2814 | D:4      | Found Ypliaxt's Jewellery Emporium.
  3101 | D:4      | Reached skill level 7 in Ranged Weapons
  3235 | D:4      | Reached XP level 7. HP: 54/56 MP: 7/7
  3356 | D:4      | Noticed Dowan
  3358 | D:4      | Killed Dowan
  3358 | D:4      | Noticed Duvessa
  3363 | D:4      | Slain by Duvessa

Illustrated notes

Levels and vault maps discovered:
D:1:      onia_arrival_pyramid, layout_basic, serial_shops,
          nicolae_shop_overgrown_old_shop, shop, hangedman_decor_points,
          serial_park_tiny_pond, minmay_fountain_box, minmay_rat_gold_closets
D:2:      layout_basic
D:3:      layout_loops_cross, serial_shops, shop, nicolae_shop_stone
D:4:      layout_loops_cross, serial_shops, kennysheep_mini,
          minmay_misc_feat_iff, minmay_increasing_density, uniq_duvessa,
          uniq_edmund

Skill      XL: |  1  2  3  4  5  6 |
---------------+-------------------+-----
Ranged Weapons | 4 5 6 7 |  7.6
Fighting       | |  2.4
Dodging        | |  1.5
Stealth        | |  0.7

Action                     |  1- 3 |  4- 6 |  7- 9 || total
---------------------------+-------+-------+-------++-------
   Fire: Shortbow          |   119 |       |       ||   119
         Longbow           |     4 |    66 |     7 ||    77
    Use: Scroll            |     5 |     3 |       ||     8
 Armour: Leather armour    |     4 |       |       ||     4
         Ring mail         |    26 |    10 |       ||    36
  Dodge: Dodged            |    38 |    12 |     2 ||    52

Table legend: (Time is in decaauts)
 A = Elapsed time spent in this place.
 B = Non-inter-level travel time spent in this place.
 C = Inter-level travel time spent in this place.
 D = Time resting spent in this place.
 E = Time spent auto-exploring this place.
 F = Levels seen in this place.
 G = Mean time per level.
                   A        B        C        D        E       F      G
               +--------+--------+--------+--------+--------+-----+--------+
         Total |   3439 |   3272 |    167 |     22 |   2771 |   4 |  859.8 |
       Dungeon |   3439 |   3272 |    167 |     22 |   2771 |   4 |  859.8 |
               +--------+--------+--------+--------+--------+-----+--------+

Top non-repeatable levels by time:
     D:1: 1030 daAuts
     D:2: 988 daAuts
     D:4: 783 daAuts
     D:3: 636 daAuts
